 Dungeon Crawl Stone Soup version 0.30-a0-172-gc5509c9e31 (webtiles) character file.

Game seed: 9713140455081376553

1185 qw the Cleaver (level 8, -6/49 HPs)
             Began as a Gargoyle Fighter on Oct 1, 2022.
             Splashed by a jelly's acid (9 damage)
             ... on level 6 of the Dungeon.
             The game lasted 00:01:41 (4399 turns).

qw the Cleaver (Gargoyle Fighter)                   Turns: 4399, Time: 00:01:41

Health: -6/49      AC: 14    Str: 23    XL:     8   Next: 42%
Magic:  8/8        EV:  8    Int:  8    God:
Gold:   183        SH:  4    Dex:  9    Spells: 7/7 levels left

rFire   . . .      SeeInvis .    Y - +0 war axe
rCold   . . .      Faith    .    c - +0 buckler
rNeg    + + .      Spirit   .    m - +0 chain mail
rPois   inf        Reflect  .    (no helmet)
rElec   +          Harm     .    (no cloak)
rCorr   .          Rampage  .    h - +1 Delatra's gloves {ID++}
Will    +....                    p - +0 pair of boots
Stlth   ..........               (no amulet)
HPRegen 0.28/turn                e - ring of positive energy
MPRegen 0.11/turn                g - ring of willpower

@: about to teleport, corroded
A: sickness immunity, AC +5, negative energy resistance 1, electricity
resistance, torment resistance 1, petrification resistance
a: no special abilities


You were on level 6 of the Dungeon.
You visited 1 branch of the dungeon, and saw 6 of its levels.

You collected 183 gold pieces.


Innate Abilities, Weirdness & Mutations

You are immune to sickness and miasma.
Your stone body is resilient. (AC +5)
You are immune to poison.
You resist negative energy. (rN+)
You are resistant to electric shocks. (rElec)
You are resistant to unholy torment.
You are immune to petrification.


   Skills:
 - Level 5.2 Fighting
 - Level 8.1 Axes
 + Level 3.9 Armour
 - Level 1.2 Dodging
 - Level 3.2 Shields


You had 7 spell levels left.
You didn't know any spells.
Your spell library was empty.

Inventory:

Hand Weapons
 q - a +0 morningstar
 Y - a +0 war axe (weapon)
Armour
 c - a +0 buckler (worn)
 h - the +1 Delatra's gloves (worn) {ID++}
   (You found it on level 3 of the Dungeon)

   It heals its wearer when they drink unknown potions.
   It restores its wearer's MP when they read unknown scrolls.
 m - a +0 chain mail (worn)
 p - a +0 pair of boots (worn)
Jewellery
 e - a ring of positive energy (left hand)
 g - a ring of willpower (right hand)
 k - a ring of fire
Scrolls
 b - 2 scrolls of teleportation
 n - a scroll of identify
Potions
 a - a potion of mutation
 d - a potion of might
 f - 4 potions of curing
 j - 2 potions of attraction
 l - a potion of lignification
 o - a potion of ambrosia {unknown}

Dungeon Overview and Level Annotations

Branches:
Dungeon (6/15)
 Temple: D:4-7

Altars:
Elyvilon
Hepliaklqana
Makhleb
Xom


Message History

You slash the jelly!
You kill the jelly!
You hit the iguana. You miss something.
The centaur shoots an arrow.
The arrow hits you. Something hits you but does no damage.
The iguana bites you but does no damage.
A jelly comes into view.
The centaur shoots an arrow.
Reactivating autopickup.
You feel a bit more experienced.
You barely miss the iguana.
The iguana is almost dead.
The centaur shoots an arrow.
The arrow hits you. The iguana bites you!
The centaur shoots an arrow.
The arrow hits you.
4396 ||| READING 3 scrolls of teleportation.
As you read the scroll of teleportation, it crumbles to dust.
You feel strangely unstable. You block the iguana's attack.
You hit the iguana but do no damage.
The iguana is almost dead.
You slash the centaur!
The centaur unwields a +0 shortbow.
You block the centaur's attack. The centaur kicks you.
You block the iguana's attack. The centaur barely misses you.
The centaur kicks you but does no damage.
The iguana bites you.
You slash the iguana!
You kill the iguana!
You barely miss the centaur. The centaur barely misses you. x2
A scorpion comes into view.
The centaur hits you but does no damage.
The centaur kicks you but does no damage.
You hit the centaur.
The centaur is severely wounded.
You hit the jelly.
Your hands burn!
The centaur barely misses you.
The centaur kicks you but does no damage.
The jelly hits you. The acid corrodes you!
You are splashed with acid!
You die...

### #.##.# #.. .+
..#.# #######.. #l.
#.#.# #........ #..
...# #.....<..
+.Y###..# #........
#.s.....# #........
#...#cJ.# #........
#)@..######........
#.........'........
#..########........
#...#....#
#........
#.......##.#
#.#.####+ ####.####
.. #.#.# #. .#
#.#.# #. # #.#.# #
#.#..


You could see a centaur, a scorpion and a jelly.

Vanquished Creatures
  A steam dragon (D:6)
  2 water moccasins
  3 ogres
  A centaur (D:5)
  A phantom (D:4)
  A scorpion (D:5)
  A howler monkey (D:5)
  2 jellies
  2 hounds (D:5)
  An orc priest (D:3)
  An iguana (D:6)
  4 gnolls (D:5)
  4 adders
  2 worms
  4 dart slugs
  13 orcs
  4 ball pythons
  3 endoplasms
  3 giant cockroaches
  4 goblins
  A hobgoblin (D:2)
  10 jackals
  5 kobolds
  2 quokkas
  5 bats
  4 frilled lizards (D:1)
  22 rats
106 creatures vanquished.

Vanquished Creatures (others)
  A sky beast (D:6)
  2 demonic plants (D:2)
  13 plants (D:5)
16 creatures vanquished.

Grand Total: 122 creatures vanquished

Notes
Turn   | Place    | Note
-------+----------+-------------------------------------------
     0 | D:1      | qw the Gargoyle Fighter began the quest for the Orb.
     0 | D:1      | Reached XP level 1. HP: 14/14 MP: 1/1
     0 | D:1      | 0 ||| qw: Version: 0.2-a-13-gfc7b4b4
     0 | D:1      | 0 ||| qw: Game counter: 1792
     0 | D:1      | 0 ||| qw: Always use a shield: true
     0 | D:1      | 0 ||| qw: God list: Okawaru
     0 | D:1      | 0 ||| qw: Allow faded altars: false
     0 | D:1      | 0 ||| qw: Do Orc after D:15 true
     0 | D:1      | 0 ||| qw: Do second Lair branch before Depths: true
     0 | D:1      | 0 ||| qw: Lair rune preference: random
     0 | D:1      | 0 ||| qw: Plans: Normal, Zot:1-4, God:TSO, Crypt, Tomb,
                  | Pan, Slime:5, Hells, Abyss, Orb
     0 | D:1      | 0 ||| PLANNING D:1-11
    72 | D:1      | Reached skill level 2 in Axes
    95 | D:1      | Reached XP level 2. HP: 19/19 MP: 2/2
   552 | D:1      | Reached skill level 3 in Axes
   744 | D:1      | 744 ||| UPGRADING to ring of positive energy.
   745 | D:1      | 745 ||| READING scroll labelled CUOSTR VAQEASONNUE.
   746 | D:1      | 746 ||| READING 2 scrolls labelled DALEOP GOGIA.
   750 | D:1      | 750 ||| READING 2 scrolls labelled GETYIJ SOIRU.
   751 | D:1      | 751 ||| READING 2 scrolls labelled QAH GOIGEANORHOU.
   752 | D:1      | 752 ||| DRINKING 3 black potions.
   753 | D:1      | 753 ||| DROPPING scroll of magic mapping.
   785 | D:2      | Reached XP level 3. HP: 8/23 MP: 3/3
   785 | D:2      | 785 ||| STAIRDANCE
  1034 | D:2      | Found a faded altar of an unknown god.
  1097 | D:2      | 1097 ||| Stepping ~*~*~tactically~*~*~ (hiding).
  1182 | D:2      | 1182 ||| READING 2 scrolls of identify.
  1182 | D:2      | 1182 ||| IDENTIFYING orange potion
  1183 | D:2      | 1183 ||| READING scroll of teleportation.
  1403 | D:3      | Found a white marble altar of Elyvilon.
  1489 | D:3      | Found the +1 Delatra's gloves {ID++}
  1555 | D:3      | Reached XP level 4. HP: 27/28 MP: 4/4
  1583 | D:3      | Reached skill level 4 in Axes
  1602 | D:3      | 1602 ||| DROPPING +0 whip.
  1641 | D:3      | 1641 ||| FLEEEEING.
  1642 | D:3      | 1642 ||| FLEEEEING.
  1643 | D:3      | 1643 ||| FLEEEEING.
  1644 | D:3      | 1644 ||| FLEEEEING.
  1645 | D:3      | 1645 ||| FLEEEEING.
  1646 | D:3      | 1646 ||| FLEEEEING.
  1648 | D:3      | 1648 ||| FLEEEEING.
  1649 | D:3      | 1649 ||| FLEEEEING.
  1650 | D:3      | 1650 ||| FLEEEEING.
  1651 | D:3      | 1651 ||| FLEEEEING.
  1652 | D:3      | 1652 ||| FLEEEEING.
  1653 | D:3      | 1653 ||| FLEEEEING.
  1654 | D:3      | 1654 ||| FLEEEEING.
  1655 | D:3      | 1655 ||| FLEEEEING.
  1656 | D:3      | 1656 ||| FLEEEEING.
  1658 | D:3      | 1658 ||| FLEEEEING.
  1659 | D:3      | 1659 ||| FLEEEEING.
  1660 | D:3      | 1660 ||| FLEEEEING.
  1661 | D:3      | 1661 ||| FLEEEEING.
  1662 | D:3      | 1662 ||| FLEEEEING.
  1663 | D:3      | 1663 ||| FLEEEEING.
  1664 | D:3      | 1664 ||| FLEEEEING.
  1665 | D:3      | 1665 ||| FLEEEEING.
  1666 | D:3      | 1666 ||| FLEEEEING.
  1667 | D:3      | 1667 ||| FLEEEEING.
  1668 | D:3      | 1668 ||| FLEEEEING.
  1669 | D:3      | 1669 ||| FLEEEEING.
  1670 | D:3      | 1670 ||| FLEEEEING.
  1671 | D:3      | 1671 ||| FLEEEEING.
  1673 | D:3      | 1673 ||| STAIRDANCE
  1687 | D:2      | 1687 ||| UPGRADING to +1 Delatra's gloves {ID++}.
  1692 | D:2      | 1692 ||| READING 6 scrolls of identify.
  1692 | D:2      | 1692 ||| IDENTIFYING fizzy blue potion
  1693 | D:2      | 1693 ||| READING 5 scrolls of identify.
  1693 | D:2      | 1693 ||| IDENTIFYING dark potion
  1694 | D:2      | 1694 ||| READING 4 scrolls of identify.
  1694 | D:2      | 1694 ||| IDENTIFYING sedimented grey potion
  1695 | D:2      | 1695 ||| READING 3 scrolls of identify.
  1695 | D:2      | 1695 ||| IDENTIFYING fuming amethyst potion
  1696 | D:2      | 1696 ||| READING 2 scrolls of identify.
  1696 | D:2      | 1696 ||| IDENTIFYING viscous coppery potion
  1697 | D:2      | 1697 ||| DROPPING potion of berserk rage.
  1698 | D:2      | 1698 ||| DROPPING potion of flight.
  1699 | D:2      | 1699 ||| DROPPING potion of degeneration.
  1715 | D:3      | 1715 ||| Stepping ~*~*~tactically~*~*~ (hiding).
  1841 | D:3      | 1841 ||| DROPPING +0 hand axe of venom.
  2072 | D:3      | 2072 ||| UPGRADING to ring of willpower.
  2111 | D:3      | 2111 ||| UPGRADING to +0 chain mail.
  2121 | D:3      | 2121 ||| DROPPING +0 scale mail.
  2251 | D:4      | Reached XP level 5. HP: 32/32 MP: 5/5
  2259 | D:4      | Found a burning altar of Makhleb.
  2321 | D:4      | Noticed an ogre
  2328 | D:4      | Killed an ogre
  2329 | D:4      | Reached skill level 5 in Axes
  2379 | D:4      | 2379 ||| Stepping ~*~*~tactically~*~*~ (stealth).
  2457 | D:4      | Reached XP level 6. HP: 37/37 MP: 6/6
  2463 | D:4      | 2463 ||| DROPPING +0 flail.
  2467 | D:4      | 2467 ||| Stepping ~*~*~tactically~*~*~ (stealth).
  2470 | D:4      | 2470 ||| Stepping ~*~*~tactically~*~*~ (stealth).
  2918 | D:4      | 2918 ||| UPGRADING to +0 pair of boots.
  2923 | D:4      | 2923 ||| READING 4 scrolls of identify.
  2923 | D:4      | 2923 ||| IDENTIFYING fizzy golden potion
  2924 | D:4      | 2924 ||| READING 3 scrolls of identify.
  2924 | D:4      | 2924 ||| IDENTIFYING golden potion
  2925 | D:4      | 2925 ||| DROPPING potion of brilliance.
  2950 | D:5      | Entered Level 5 of the Dungeon
  3035 | D:5      | 3035 ||| Stepping ~*~*~tactically~*~*~ (stealth).
  3036 | D:5      | 3036 ||| Stepping ~*~*~tactically~*~*~ (stealth).
  3040 | D:5      | HP: 8/39 [ogre/+0 giant spiked club (11)]
  3041 | D:5      | 3041 ||| DRINKING potion of heal wounds.
  3044 | D:5      | Reached skill level 6 in Axes
  3044 | D:5      | Reached XP level 7. HP: 40/44 MP: 7/7
  3056 | D:5      | 3056 ||| Stepping ~*~*~tactically~*~*~ (stealth).
  3060 | D:5      | 3060 ||| Stepping ~*~*~tactically~*~*~ (stealth).
  3061 | D:5      | 3061 ||| Stepping ~*~*~tactically~*~*~ (stealth).
  3064 | D:5      | 3064 ||| Stepping ~*~*~tactically~*~*~ (stealth).
  3073 | D:5      | Reached skill level 1 in Dodging
  3477 | D:5      | 3477 ||| Stepping ~*~*~tactically~*~*~ (hiding).
  3489 | D:5      | Reached skill level 7 in Axes
  3517 | D:5      | Reached XP level 8. HP: 27/49 MP: 8/8
  3682 | D:5      | Found a hazy altar of Hepliaklqana.
  3683 | D:5      | Found a shimmering altar of Xom.
  3684 | D:5      | Noticed a spectral ugly thing
  4209 | D:5      | 4209 ||| READING 2 scrolls of identify.
  4209 | D:5      | 4209 ||| IDENTIFYING cyan potion
  4210 | D:5      | 4210 ||| DROPPING potion of invisibility.
  4259 | D:6      | Reached skill level 8 in Axes
  4385 | D:6      | 4385 ||| Stepping ~*~*~tactically~*~*~ (stealth).
  4388 | D:6      | 4388 ||| Stepping ~*~*~tactically~*~*~ (hiding).
  4395 | D:6      | HP: 7/49 [iguana (7)]
  4396 | D:6      | 4396 ||| READING 3 scrolls of teleportation.
  4399 | D:6      | HP: 3/49 [acid (1)]
  4399 | D:6      | Splashed by a jelly's acid

Levels and vault maps discovered:
D:1:      ncdulo_smallfort, layout_basic
D:2:      layout_basic, shapermc_ecumenical_altar_gd
D:3:      layout_basic, elyvilon_altar_1, serial_park_tiny_1,
          minmay_misc_feat_room
D:4:      layout_loops_ring, bloody_makhleb, supply_closet_lemuel,
          chequers_serial_rivers_micro_b, minmay_rat_hole
D:5:      layout_basic, regret_index_temple_of_mockery, serial_bayou_lagoon_a,
          hangedman_decor_points
D:6:      layout_basic, okawaru_trees_2, nicolae_overflow_hidden_temple,
          cheibrodos_ashenzari_chains, minmay_temple_entry_tees, serial_shops,
          nicolae_shop_crystal, nrook_pool_corridor,
          minmay_fractal_squares_diagonal_5

Skill      XL: |  1  2  3  4  5  6  7  8 |
---------------+-------------------------+-----
Axes           | 2 3 4 5 6 7 8 |  8.1
Fighting       | 4 5 |  5.2
Dodging        | 1 |  1.2
Armour         | |  3.9
Shields        | |  3.2

Action                   |  1- 3 |  4- 6 |  7- 9 || total
-------------------------+-------+-------+-------++-------
Melee: War axe           |    82 |   166 |    70 ||   318
Throw: Boomerang         |    29 |       |       ||    29
  Use: Scroll            |     6 |     7 |     2 ||    15
       Potion            |     1 |     1 |       ||     2
Armor: Scale mail        |    36 |    37 |       ||    73
       Chain mail        |       |    61 |    83 ||   144
Dodge: Dodged            |    30 |    60 |    30 ||   120
Block: Buckler           |    12 |    25 |    23 ||    60

Table legend:
 A = Non-vault XP
 B = Vault XP
 C = Vault XP percentage of total XP
 D = Non-vault monster count
 E = Vault monster count
 F = Vault count percentage of total count
                 A         B        C        D         E       F
            +---------+---------+-------+---------+---------+-------
      Total |    1576 |     118 |   7.0 |      84 |      23 |  21.5
            +---------+---------+-------+---------+---------+-------
        D:1 |      32 |       0 |   0.0 |      21 |       0 |   0.0
        D:2 |      28 |       0 |   0.0 |       6 |       0 |   0.0
        D:3 |      97 |       0 |   0.0 |      25 |       0 |   0.0
        D:4 |     294 |      20 |   6.4 |      16 |      19 |  54.3
        D:5 |     812 |       0 |   0.0 |      14 |       0 |   0.0
        D:6 |     313 |      98 |  23.8 |       2 |       4 |  66.7
            +---------+---------+-------+---------+---------+-------
